 Dungeon Crawl Stone Soup version 0.18.1-48-g4cf74bf (console) character file.

107 CALLOUS the Ducker (level 4, 0/25 HPs)
             Began as a Deep Elf Gladiator on Sept 12, 2016.
             Was an Initiate of Ru.
             Slain by an orc wizard
             ... wielding a +0 dagger
              (6 damage)
             ... on level 4 of the Dungeon.
             The game lasted 00:41:06 (2952 turns).

CALLOUS the Ducker (Deep Elf Gladiator)             Turns: 2952, Time: 00:41:06

Health: 0/25       AC:  5    Str: 12    XL:     4   Next: 56%
Magic:  10/10      EV: 15    Int: 13    God:    Ru [......]
Gold:   89         SH:  0    Dex: 16    Spells: 0 memorised, 9 levels left

rFire  . . .     SeeInvis .     a - +1 dagger (venom)
rCold  . . .     Gourm    .     C - +0 leather armour
rNeg   . . .     Faith    .     (no shield)
rPois  .         Spirit   .     c - +0 helmet
rElec  .         Dismiss  .     (no cloak)
rCorr  .         Reflect  .     (no gloves)
SustAt .         Harm     .     q - +0 pair of boots
MR     .....                    (no amulet)
Stlth  +.........               (no ring)
                                (no ring)

@: not resistant to hostile enchantments, very unstealthy
A: no striking features
a: Renounce Religion


You were on level 4 of the Dungeon.
You worshipped Ru.
Ru was noncommittal.
You were not hungry.

You visited 2 branches of the dungeon, and saw 5 of its levels.

You collected 89 gold pieces.

Inventory:

Hand Weapons
 a - a +1 dagger of venom (weapon)
 b - a +0 quarterstaff
 y - a +2 vampiric dagger
Missiles
 d - 3 throwing nets
 g - 88 stones (quivered)
 h - 74 bolts
 o - 30 sling bullets
Armour
 c - a +0 helmet (worn)
 q - a +0 pair of boots (worn)
 C - a +0 leather armour (worn)
Jewellery
 j - an uncursed ring of resist corrosion {unknown}
Wands
 B - a wand of flame (22/48)
Scrolls
 i - 6 scrolls of identify {unknown}
 l - a scroll of enchant armour {unknown}
 m - 2 scrolls of remove curse {unknown}
 t - a scroll of recharging {unknown}
 u - a scroll of random uselessness {unknown}
 v - a scroll of fog {unknown}
 x - a scroll of blinking {unknown}
Comestibles
 f - 2 bread rations
 n - a meat ration
 z - a beef jerky


   Skills:
 - Level 1.5 Fighting
 - Level 3.0 Staves
 - Level 2.0 Throwing
 * Level 5.6 Dodging
 + Level 0.6 Stealth
 * Level 3.0 Spellcasting


You had 9 spell levels left.
You didn't know any spells.

Dungeon Overview and Level Annotations

Branches:
Dungeon (4/15)             Temple (1/1) D:4

Altars:
Ashenzari
Cheibriados
Dithmenos
Elyvilon
Gozag
Nemelex Xobeh
Okawaru
Pakellas
Qazlal
Ru
Sif Muna
Trog
Vehumet
Zin
The Shining One

Annotations:
D:2 exclusion: adder
D:3 exclusion: adder
D:4 Edmund


Message History

You throw a stone. The stone barely misses the orc.
The stone completely misses the orc.
You miss something. Something hits you but does no damage.
You barely miss something. Something hits you but does no damage.
You barely miss something. Something hits you.
You hit something but do no damage.
You hear some strange, mumbled words.
A puff of frost appears from out of thin air!
The puff of frost hits you!
* * * LOW HITPOINT WARNING * * *
You closely miss something. Something hits you but does no damage.
You hit something. Something hits you but does no damage.
You miss something. Something hits you but does no damage.
You miss something.
You hear some strange, mumbled words.
A puff of flame appears from out of thin air!
The puff of flame misses you.
You hit something. Something hits you but does no damage.
You hit something but do no damage. You hit something but do no damage.
Something hits you.
You die...

##......###.#####
########...........# #
#............#####.## # ..
#.######...#...# #..## #
.##. ##.#....###...### ...#
#......#≈≈...≈≈# ....
..(....#≈..♣..≈# .#...
@.(.(............ ##...#.
##.#.>....♣._.♣..
#..###.#####.#..............
#....#.oo{@###...##≈..♣..≈#
#(#####.#....##≈≈...≈≈# #.#
##.#...####...### #o#
#.#...#####.####


#oo #............#.. r.o ###...######.... ?... #.........>... (.#.
#...#######... .#.... ###.# ##.. ..# ### ##.# You could see 2 orcs.

Vanquished Creatures
  A howler monkey (D:4)
  An orc wizard (D:4)
  An ooze (D:3)
  An adder skeleton (D:4)
  2 dart slugs (D:1)
  3 giant geckos
  4 orcs (D:4)
  2 giant cockroaches
  6 hobgoblins
  6 kobolds
  2 ball pythons
  A bat (D:1)
  4 giant newts
  3 goblins
  A quokka skeleton (D:4)
  3 rats
41 creatures vanquished.

Vanquished Creatures (others)
  A worker ant (D:4)
  A quokka (D:4)
2 creatures vanquished.

Grand Total: 43 creatures vanquished

Notes
Turn   | Place    | Note
--------------------------------------------------------------
     0 | D:1      | CALLOUS the Deep Elf Gladiator began the quest for the Orb.
     0 | D:1      | Reached XP level 1. HP: 12/12 MP: 3/3
   305 | D:1      | Reached skill level 1 in Spellcasting
   534 | D:1      | Reached skill level 4 in Dodging
   759 | D:1      | Reached XP level 2. HP: 16/16 MP: 5/5
  1785 | D:2      | Reached XP level 3. HP: 20/20 MP: 8/8
  2260 | D:4      | Reached skill level 5 in Dodging
  2260 | D:4      | Reached XP level 4. HP: 21/25 MP: 9/9
  2309 | D:4      | Found a staircase to the Ecumenical Temple.
  2324 | Temple   | Entered the Ecumenical Temple
  2419 | Temple   | Became a worshipper of Ru the Awakened
  2589 | D:4      | Found a white marble altar of Elyvilon.
  2851 | D:4      | Noticed Edmund
  2952 | D:4      | Slain by an orc wizard

Skill      XL: |  1  2  3  4 |
---------------+-------------+-----
Spellcasting   | 1 2 3 |  3.0
Dodging        | 4 5 |  5.6
Fighting       | |  1.5
Staves         | |  3.0
Throwing       | |  2.0
Stealth        | |  0.6

Action                   |  1- 3 |  4- 6 || total
-------------------------+-------+-------++-------
Melee: Quarterstaff      |    76 |    12 ||    88
       Dagger            |       |    15 ||    15
Throw: Stone             |   116 |    20 ||   136
  Use: Potion            |       |     4 ||     4
 Stab: Sleeping          |     1 |       ||     1
  Eat: Chunk             |     4 |     2 ||     6
Armor: Leather armour    |    12 |     4 ||    16
       Skin              |       |     3 ||     3
Dodge: Dodged            |    52 |     6 ||    58
